Map: 16-Bit LE

Players

Potpie

  • Race: Protoss Protoss
  • League: Master
  • Spawn Location: 1:00

FUVX - Winner!

  • Race: Terran Terran
  • Spawn Location: 7:00

VOD

Have the link to the VOD?

Description

Time

  • Played on: April 13, 2022, 10:49 a.m.
  • Length: 24:03
Show
View Real Time Build Order
Export as new Build Order

Potpie Protoss 

Build Orders:  

Get SALT Encoding   

  12  0:00  Probe (Chrono Boost)  
  13  0:10  Probe (Chrono Boost)  
  14  0:25  Probe  
  15  0:30  Pylon  
  15  0:45  Pylon  
  15  0:49  Assimilator  
  15  0:55  Gateway  
  15  0:57  Probe (Chrono Boost)  
  16  1:09  Probe (Chrono Boost)  
  17  1:16  Probe (Chrono Boost)  
  18  1:23  Gateway  
  18  1:30  Probe  
  19  1:42  Probe  
  19  1:44  Cybernetics Core  
  20  1:51  Zealot  
  22  1:55  Probe  
  23  2:07  Probe  
  23  2:20  Warp Gate  
  23  2:22  Probe (Chrono Boost)  
  24  2:29  Nexus  
  24  2:34  Probe (Chrono Boost)  
  25  2:37  Assimilator  
  25  2:55  Pylon, Probe  
  26  3:07  Probe  
  27  3:19  Probe (Chrono Boost)  
  28  3:24  Nexus  
  28  3:31  Probe (Chrono Boost)  
  29  3:42  Forge  
  30  3:48  Probe (Chrono Boost)  
  30  3:51  Probe (Chrono Boost)  
  31  3:58  Pylon  
  31  3:59  Probe (Chrono Boost)  
  31  4:02  Probe (Chrono Boost)  
  33  4:03  Probe (Chrono Boost)  
  33  4:09  Gateway  
  34  4:11  Probe  
  34  4:15  Stalker, Probe  
  38  4:20  Stalker  
  40  4:24  Probe  
  40  4:27  Probe  
  42  4:32  Assimilator  
  42  4:36  Probe  
  43  4:43  Protoss Ground Armor Level 1  
  43  4:46  Probe x2  
  43  4:48  Probe  
  46  4:58  Probe x2 (Chrono Boost), Photon Cannon  
  48  5:00  Pylon  
  48  5:04  Pylon, Probe (Chrono Boost)  
  49  5:09  Stalker  
  49  5:10  Probe x2 (Chrono Boost)  
  49  5:14  Probe (Chrono Boost)  
  54  5:16  Probe x2 (Chrono Boost)  
  54  5:19  Probe (Chrono Boost)  
  54  5:21  Assimilator  
  57  5:27  Assimilator  
  57  5:31  Assimilator  
  57  5:42  Gateway x2  
  57  5:45  Gateway  
  57  5:46  Stalker  
  57  5:47  Stalker  
  57  5:48  Gateway  
  61  6:05  Probe x3  
  61  6:08  Forge x2  
  64  6:17  Probe x2 (Chrono Boost)  
  64  6:18  Probe (Chrono Boost)  
  67  6:28  Probe (Chrono Boost), Photon Cannon  
  67  6:29  Probe x2 (Chrono Boost)  
  67  6:31  Photon Cannon  
  70  6:34  Photon Cannon  
  70  6:38  Photon Cannon  
  70  6:43  Protoss Ground Weapons Level 1 (Chrono Boost)  
  70  6:44  Protoss Shields Level 1 (Chrono Boost)  
  70  6:48  Stalker x3  
  70  6:49  Stalker  
  78  7:09  Probe x3 (Chrono Boost)  
  78  7:10  Pylon  
  78  7:13  Pylon  
  81  7:20  Pylon, Probe x3 (Chrono Boost)  
  84  7:23  Twilight Council  
  84  7:31  Probe x3  
  87  7:41  Stalker x3  
  87  7:42  Stalker x4  
  87  7:43  Probe x3  
  102  8:05  Charge  
  100  8:13  Robotics Facility x2  
  100  8:17  Robotics Facility  
  100  8:19  Robotics Facility  
  100  8:25  Stalker x7  
  114  8:37  Protoss Ground Armor Level 2 (Chrono Boost)  
  114  8:39  Nexus  
  114  8:41  Pylon  
  114  8:43  Pylon  
  114  8:48  Pylon  
  114  8:51  Protoss Ground Weapons Level 2 (Chrono Boost)  
  114  8:52  Protoss Shields Level 2 (Chrono Boost)  
  114  8:56  Stalker  
  116  9:07  Immortal  
  116  9:08  Immortal x2  
  128  9:10  Immortal  
  132  9:24  Pylon  
  132  9:26  Pylon  
  132  9:54  Robotics Bay  
  132  9:58  Pylon  
  132  9:59  Probe x4  
  136  10:01  Pylon  
  136  10:03  Pylon  
  136  10:08  Assimilator  
  136  10:11  Stalker x2, Probe x2  
  136  10:12  Stalker x5, Assimilator  
  136  10:14  Immortal x2  
  160  10:25  Probe x3  
  160  10:26  Probe  
  164  10:37  Probe x2, Immortal x2  
  164  10:38  Probe x2  
  176  11:02  Shield Battery  
  176  11:03  Shield Battery  
  176  11:04  Shield Battery  
  176  11:07  Shield Battery  
  176  11:14  Gravitic Boosters  
  176  11:17  Observer  
  176  11:18  Observer x3  
  180  11:24  Stalker x6  
  180  11:25  Stalker  
  194  11:29  Protoss Ground Armor Level 3 (Chrono Boost)  
  194  11:32  Protoss Ground Weapons Level 3 (Chrono Boost)  
  194  12:29  Gateway x2  
  193  12:34  Gateway  
  193  12:45  Gateway  
  193  12:47  Immortal  
  193  12:48  Immortal  
  193  12:50  Immortal  
  195  12:51  Gateway, Immortal  
  195  12:55  Gateway  
  159  13:03  Gateway  
  159  13:04  Gateway  
  114  13:19  Probe x3  
  106  13:20  Probe  
  106  13:26  Immortal  
  110  13:28  Immortal  
  110  13:29  Immortal  
  110  13:30  Immortal  
  110  13:31  Probe x2  
  124  13:40  Stalker x2  
  127  14:05  Immortal (Chrono Boost)  
  127  14:06  Protoss Shields Level 3 (Chrono Boost)  
  127  14:07  Immortal (Chrono Boost)  
  143  14:10  Immortal (Chrono Boost)  
  143  14:15  Immortal (Chrono Boost)  
  143  14:27  Robotics Facility  
  143  14:33  Stalker x4  
  143  14:34  Stalker x3, Robotics Facility  
  143  14:35  Robotics Facility  
  157  14:39  Immortal x2 (Chrono Boost)  
  157  14:41  Immortal (Chrono Boost)  
  169  14:47  Stalker x8, Immortal  
  189  14:58  Stalker x3  
  195  15:03  Pylon  
  195  15:21  Immortal  
  193  15:36  Immortal  
  193  15:37  Immortal  
  186  15:53  Photon Cannon  
  186  15:54  Photon Cannon  
  186  15:57  Photon Cannon x3  
  186  15:58  Photon Cannon  
  162  16:54  Cybernetics Core  
  155  17:29  Cybernetics Core  
  102  18:11  Pylon  
  102  18:12  Stalker x8  
  82  18:13  Stalker x4  
  82  18:17  Colossus x5  
  82  18:18  Colossus x2  
  114  18:48  Stalker x7  
  116  18:49  Stalker x5  
  138  19:21  Stalker x4  
  138  19:23  Sentry  
  148  19:27  Stargate  
  148  19:30  Photon Cannon  
  106  20:33  Fleet Beacon, Stargate  
  106  20:34  Stargate  
  106  20:37  Stargate  
  106  20:46  Nexus  
  106  21:27  Nexus  
  106  21:41  Tempest  
  111  22:04  Probe x4  
  115  22:10  Assimilator  
  115  22:14  Assimilator  
  115  22:16  Probe x2  
  115  22:21  Probe x2  
  119  22:25  Tempest  
  119  22:28  Probe x2  
  126  22:33  Probe x2  
  126  22:36  Pylon  
  127  22:43  Observer  
  128  22:51  Tempest x2  
  138  22:59  Tempest  
Show
View Real Time Build Order
Export as new Build Order

FUVX Terran - Winner!

Build Orders:  

Get SALT Encoding   

  12  0:00  SCV  
  13  0:16  Supply Depot  
  13  0:20  SCV  
  14  0:32  SCV  
  15  0:39  Barracks  
  15  0:51  SCV  
  15  0:53  Supply Depot  
  16  1:03  SCV  
  17  1:06  Refinery  
  17  1:15  SCV  
  18  1:31  Marine  
  19  1:39  Refinery  
  20  1:40  SCV  
  20  1:52  SCV  
  21  1:54  Command Center  
  21  2:04  SCV  
  22  2:20  SCV  
  22  2:21  Barracks Reactor  
  23  2:34  Factory  
  23  2:39  SCV, Engineering Bay  
  24  2:52  SCV  
  25  3:02  Marine x2  
  25  3:04  SCV  
  28  3:11  Supply Depot  
  28  3:12  Supply Depot  
  28  3:16  SCV  
  29  3:20  Marine  
  29  3:21  Factory Tech Lab  
  30  3:35  Starport  
  30  3:44  Orbital Command  
  30  3:49  Barracks  
  30  3:52  SCV  
  31  3:59  Siege Tank  
  34  4:04  SCV  
  35  4:13  SCV  
  35  4:16  SCV  
  35  4:17  Starport Reactor  
  37  4:19  Marine x2  
  39  4:29  SCV x2  
  41  4:35  Siege Tank  
  41  4:37  Marine  
  45  4:41  SCV x2  
  45  4:43  Terran Infantry Weapons Level 1  
  45  4:44  Barracks Tech Lab  
  47  4:56  Armory  
  47  5:04  Barracks, Stimpack  
  47  5:07  Marine x2  
  47  5:09  Marauder  
  47  5:12  Siege Tank  
  54  5:17  SCV  
  54  5:18  SCV  
  56  5:22  Refinery  
  56  5:28  Refinery  
  56  5:30  Marauder  
  58  5:48  SCV x2  
  59  5:55  Marine  
  59  5:56  Marauder  
  59  5:57  Marine  
  61  6:02  Barracks Reactor  
  62  6:10  Orbital Command  
  62  6:31  Supply Depot  
  62  6:32  Command Center, Supply Depot  
  62  6:34  Supply Depot x2  
  62  6:36  Supply Depot  
  62  6:53  Siege Tank, Marauder, SCV x2, Combat Shield  
  69  6:58  Marine x4  
  69  7:00  Medivac x2  
  77  7:05  SCV x2  
  79  7:14  Marauder  
  81  7:17  SCV x2  
  83  7:26  Terran Infantry Weapons Level 2  
  83  7:32  SCV x2  
  83  7:35  Marine  
  83  7:36  Marine x2, Marauder  
  90  7:42  Supply Depot x2  
  90  7:43  Supply Depot  
  90  7:46  Supply Depot  
  90  7:47  SCV x3  
  90  7:48  Supply Depot  
  90  7:49  Supply Depot  
  90  7:51  Supply Depot  
  84  7:59  SCV  
  79  8:09  Marine x5  
  79  8:12  Concussive Shells  
  84  8:15  SCV  
  84  8:16  SCV x2  
  87  8:27  Marine x5  
  87  8:31  Widow Mine  
  94  8:44  Marine  
  94  8:45  Marine  
  94  8:46  Marauder  
  98  8:51  SCV x3  
  98  8:52  Barracks, Widow Mine  
  98  8:53  Barracks  
  103  8:56  Refinery  
  103  8:57  Refinery  
  103  9:07  Marauder  
  103  9:08  Missile Turret  
  103  9:09  Missile Turret  
  105  9:12  Terran Vehicle Weapons Level 1  
  105  9:13  Widow Mine  
  107  9:22  SCV  
  107  9:24  Fusion Core  
  108  9:25  Orbital Command  
  108  9:28  Ghost Academy  
  108  9:29  Marine  
  109  9:35  Siege Tank  
  112  9:41  SCV x2  
  112  9:42  Terran Infantry Armor Level 1  
  114  9:53  SCV x2  
  116  10:06  Supply Depot  
  119  10:07  Siege Tank, Supply Depot  
  119  10:09  SCV x2, Supply Depot  
  119  10:11  Supply Depot  
  121  10:15  Barracks  
  121  10:17  Barracks Tech Lab  
  121  10:18  Barracks, Barracks Reactor  
  121  10:21  Barracks  
  121  10:22  Medivac x2  
  121  10:24  Marine x3  
  121  10:25  Marine x2  
  130  10:36  Starport  
  130  10:42  Marine x2  
  131  10:43  Marine x4, Starport  
  131  10:45  Starport  
  131  10:46  Thor  
  142  11:01  Personal Cloaking  
  142  11:03  Weapon Refit  
  142  11:07  Barracks Reactor  
  142  11:13  Barracks Reactor  
  142  11:17  Marine  
  142  11:18  Marine x4  
  144  11:19  Marauder x2, Barracks Reactor  
  144  11:22  Starport Tech Lab  
  144  11:23  Starport Reactor  
  151  11:27  SCV x2  
  151  11:28  Thor  
  151  11:29  Starport Tech Lab  
  159  11:36  Terran Infantry Weapons Level 3  
  159  11:40  Marauder  
  159  11:43  Command Center  
  161  11:50  SCV  
  161  11:51  Marine  
  161  11:52  Marine x10  
  173  11:59  Battlecruiser x2  
  185  12:01  Marine  
  185  12:03  Medivac  
  188  12:09  Marine  
  188  12:10  Marauder  
  188  12:12  Widow Mine  
  193  12:19  Marauder  
  195  12:32  Marauder  
  195  12:33  Widow Mine  
  197  12:54  Widow Mine  
  132  13:06  Marine  
  132  13:07  Marine x13  
  122  13:16  Widow Mine  
  121  13:23  SCV x3  
  121  13:24  Marine  
  121  13:25  Marine x13  
  138  13:29  Medivac x2  
  138  13:31  Medivac, Raven  
  138  13:32  Raven  
  148  13:42  Marine  
  148  13:43  Marine, Marauder  
  148  13:44  Marauder  
  154  14:03  Missile Turret  
  154  14:04  SCV x2  
  154  14:05  Marauder x2, SCV  
  161  14:13  Terran Infantry Armor Level 2  
  161  14:16  Planetary Fortress, SCV  
  162  14:25  Missile Turret  
  162  14:26  Marine, Marauder x2  
  162  14:27  Marine x11  
  162  14:28  Refinery  
  178  14:34  Command Center  
  178  14:44  Marine x3  
  181  14:48  Marauder x2  
  185  14:54  Refinery  
  185  15:08  Marine  
  185  15:09  Marine x10, Marauder x2  
  161  16:11  Marine x3  
  142  16:12  Marine x9  
  142  16:15  Cyclone  
  143  16:26  Marauder x2  
  143  16:28  Battlecruiser  
  143  16:29  Battlecruiser  
  143  16:31  Marine  
  143  16:32  Marine x11  
  168  16:47  Marauder x2, Cyclone  
  168  16:49  Marine  
  168  16:50  Marine x11  
  177  17:07  Marine x4  
  177  17:08  Marine x5  
  184  17:09  Marauder x2  
  181  17:19  Marine, Cyclone  
  181  17:20  Marine x2  
  178  17:25  Marine x7  
  178  17:26  Terran Infantry Armor Level 3  
  184  17:30  Marauder x2  
  184  17:31  Banshee  
  184  17:33  Banshee  
  189  17:43  Command Center  
  189  17:49  Refinery  
  189  17:51  Marine x2, Cyclone  
  189  17:52  Marine x6  
  160  18:14  Banshee, Refinery  
  160  18:16  Battlecruiser  
  164  18:23  Cyclone  
  167  18:39  Marine  
  167  18:40  Marine x11  
  167  18:41  Marauder x2  
  183  18:43  Medivac x4  
  191  18:55  Thor  
  191  19:02  Marauder  
  199  19:16  Barracks  
  199  19:17  Barracks x2  
  199  19:19  Barracks  
  199  19:20  Barracks x2  
  199  19:27  Factory  
  199  19:37  Orbital Command  
  199  19:38  Thor  
  185  19:40  Marine x7  
  185  19:41  Marine x7  
  157  19:48  Viking x4  
  157  19:49  Viking x2  
  159  19:58  Marine x11  
  159  19:59  Marine, Marauder  
  171  20:10  Factory  
  171  20:11  Factory x2  
  171  20:13  Factory, Barracks Tech Lab x3  
  171  20:14  Barracks Reactor  
  171  20:15  Factory  
  171  20:17  Barracks Tech Lab, Marauder  
  171  20:18  Viking  
  171  20:21  Thor, Marauder, Refinery  
  183  20:24  Refinery  
  183  20:38  Marauder  
  183  20:42  Marauder  
  187  20:58  Refinery  
  187  20:59  Refinery  
  187  21:00  Marauder  
  187  21:04  Thor  
  195  21:09  Terran Vehicle Weapons Level 2, Hi-Sec Auto Tracking, Command Center  
  197  21:47  Widow Mine  
  197  21:57  Factory Tech Lab x5  
  197  22:00  Factory Tech Lab  
  197  22:05  Barracks Tech Lab  
  197  22:06  Neosteel Armor  
  199  22:08  Widow Mine  
  199  22:24  Marine, Refinery  
  200  22:50  Refinery  
  190  23:39  Marine x6  
Tags
 
League
Master
Matchup
PvT
Spawn Locations
Cross Positions
Add a new tag
Caveats
  • Supply blocks, unpowered buildings, or Contaminate may cause inaccurate times.
  • Supply counts are checked every 10 seconds.